 Seeded DCSS version 0.29.1-13-g9f3cf754e1 (webtiles) character file.

Game seed: 6030859156841734732 (custom seed)

1040 person50605 the Ducker (level 8, -2/69 (78) HPs)
             Began as a Troll Monk on Jan 29, 2023.
             Was a Believer of Wu Jian.
             Slain by a howler monkey (5 damage)
             ... on level 6 of the Dungeon.
             The game lasted 00:38:39 (5306 turns).

person50605 the Ducker (Troll Monk)                 Turns: 5306, Time: 00:38:41

HP:   -2/69 (78)    AC:  5    Str: 20    XL:     8   Next: 4%
MP:   16/16         EV:  6    Int:  6    God:    Wu Jian [**....]
Gold: 233           SH:  0    Dex: 14    Spells: 7/7 levels left

rFire   . . .      SeeInvis .   P - +0 quarterstaff
rCold   . . .      Faith    .   (shield currently unavailable)
rNeg    . . .      Spirit   .   a - +0 robe
rPois   .          Reflect  .   (helmet restricted)
rElec   .          Harm     .   i - +0 cloak
rCorr   .          Rampage  .   (gloves unavailable)
Will    .....                   (boots unavailable)
Stlth   ++........              (no amulet)
HPRegen 1.01/turn               e - ring of magical power
MPRegen 0.15/turn               (no ring)

@: held, heavily drained
A: large, unfitting armour, claws 3, regeneration 1, shaggy fur 1, tough skin 1
a: Renounce Religion, Wall Jump


You were on level 6 of the Dungeon.
You worshipped Wu Jian.
Wu Jian was pleased with you.
You visited 2 branches of the dungeon, and saw 7 of its levels.

You collected 455 gold pieces.
You spent 222 gold pieces at shops.

Inventory:

Hand Weapons
 d - a +0 dagger
 g - a +0 club
 j - a +0 short sword
 u - a +0 whip
 v - a +2 short sword of protection
 x - a +0 rapier
 y - a +0 long sword
 B - a +0 sling
 C - a +0 falchion
 D - a +0 war axe
 H - a +0 flail
 I - a +0 spear
 J - a +0 halberd
 K - a +0 mace
 L - a +0 hand axe
 P - a +0 quarterstaff (weapon)
Missiles
 p - 3 boomerangs (quivered)
 q - 25 stones
 F - 6 poisoned darts
 G - a throwing net
Armour
 a - a +0 robe (worn)
 i - a +0 cloak (worn)
 t - an orb of guile
Magical Staves
 o - a staff of earth
Jewellery
 e - a ring of magical power (left claw)
 M - a ring of positive energy
 O - a +6 ring of intelligence
Scrolls
 c - 5 scrolls of teleportation
 h - a scroll of immolation {unknown}
 k - a scroll of fear {unknown}
 l - a scroll of vulnerability {unknown}
 m - 3 scrolls of enchant armour {unknown}
 n - 3 scrolls of identify {unknown}
 w - a scroll of brand weapon
 N - a scroll of noise {unknown}
Potions
 b - 2 potions of ambrosia
 f - a potion of curing
 r - a potion of magic {unknown}
 s - a potion of haste {unknown}
 z - a potion of resistance {unknown}
 A - a potion of cancellation {unknown}
 E - a potion of flight {unknown}


   Skills:
 + Level 4.1 Fighting
 + Level 4.6 Short Blades
 + Level 5.1 Dodging
 + Level 1.7 Stealth
 + Level 3.2 Unarmed Combat


You had 7 spell levels left.
You didn't know any spells.
Your spell library was empty.

Dungeon Overview and Level Annotations

Branches:
Dungeon (6/15)             Temple (1/1) D:4

Altars:
Elyvilon
Hepliaklqana
Nemelex Xobeh
Okawaru
Ru
Sif Muna
Uskayaw
Vehumet
Wu Jian
Yredelemnul

Shops:
D:3 ?


Innate Abilities, Weirdness & Mutations

You are too large for most types of armour.
You have claws for hands.
Your natural rate of healing is unusually fast.
You are covered in fur. (AC +1)
You have tough skin. (AC +1)


Message History

You become entangled in the net!
The howler monkey completely misses you.
The gnoll hits you but does no damage.
The gnoll hits you from afar with a +0 spear.
The gnoll bouda gazes fiercely through you!
You feel your attacks grow feeble.
The gnoll bouda hits you with a +0 whip!
The necrophage hits you. The gnoll hits you with a +0 club.
It was a potion of curing.
You feel better.
The howler monkey hits you but does no damage.
The gnoll barely misses you. x2
The gnoll bouda hits you with a +0 whip.
The necrophage hits you.
You feel drained. The gnoll hits you with a +0 club.
The howler monkey hits you but does no damage.
You struggle against the net.
The gnoll hits you with a +0 flail!
* * * LOW HITPOINT WARNING * * *
The gnoll hits you but does no damage. The gnoll barely misses you.
The gnoll bouda hits you with a +0 whip.
* * * LOW HITPOINT WARNING * * *
The necrophage hits you.
* * * LOW HITPOINT WARNING * * *
You feel drained.
* * * LOW HITPOINT WARNING * * *
The gnoll hits you with a +0 club.
* * * LOW HITPOINT WARNING * * *
The howler monkey barely misses you.
You feel better.
Your attacks no longer feel as feeble.
The gnoll hits you with a +0 flail.
* * * LOW HITPOINT WARNING * * *
The gnoll hits you from afar with a +0 spear.
* * * LOW HITPOINT WARNING * * *
The gnoll hits you from afar with a +0 spear.
* * * LOW HITPOINT WARNING * * *
The gnoll bouda closely misses you.
The necrophage hits you but does no damage.
The gnoll hits you with a +0 club.
* * * LOW HITPOINT WARNING * * *
The howler monkey hits you.
You die...

.........#####.
......$.......
.....(.......
............
........?..
#.#.......#
#.#n...# #.. ..
#..... .# ###
.. #...... +
##. .......


You could see a necrophage, a gnoll bouda, a howler monkey and 4 gnolls.

Vanquished Creatures
  A human (D:5)
  An ogre (D:5)
  2 phantoms
  3 necrophages
  A scorpion (D:5)
  A howler monkey (D:4)
  A jelly (D:5)
  An orc priest (D:5)
  A human skeleton (D:5)
  An orc wizard (D:5)
  4 gnolls (D:4)
  14 adders
  A shadow imp (D:5)
  A worm (D:3)
  A dart slug (D:5)
  5 orcs
  6 endoplasms
  4 giant cockroaches
  7 hobgoblins
  15 jackals
  10 kobolds
  6 quokkas
  7 ball pythons
  4 bats
  A frilled lizard (D:2)
  6 goblins
  A jackal zombie (D:5)
  3 rats
109 creatures vanquished.

Vanquished Creatures (others)
  2 demonic plants (D:2)
2 creatures vanquished.

Grand Total: 111 creatures vanquished

Notes
Turn   | Place    | Note
-------+----------+-------------------------------------------
     0 | D:1      | person50605 the Troll Monk began the quest for the Orb.
     0 | D:1      | Reached XP level 1. HP: 22/22 MP: 0/0
   142 | D:1      | Reached XP level 2. HP: 29/29 MP: 1/1
   611 | D:1      | Reached XP level 3. HP: 36/36 MP: 2/2
  1005 | D:2      | Reached skill level 3 in Dodging
  1448 | D:2      | Reached XP level 4. HP: 43/44 MP: 3/3
  1483 | D:2      | Found a faded altar of an unknown god.
  2262 | D:3      | Found Peuroi's Magic Scroll Boutique.
  2267 | D:3      | Bought a scroll of brand weapon for 114 gold pieces
  2267 | D:3      | Bought 3 scrolls of teleportation for 108 gold pieces
  2590 | D:3      | Reached skill level 1 in Short Blades
  2816 | D:4      | Noticed a necrophage
  2835 | D:4      | Killed a necrophage
  2836 | D:4      | Reached XP level 5. HP: 51/53 MP: 4/4
  3006 | D:4      | Found a staircase to the Ecumenical Temple.
  3031 | Temple   | Entered the Ecumenical Temple
  3051 | Temple   | Became a worshipper of the Wu Jian Council
  3051 | Temple   | Reached * piety under Wu Jian
  3051 | Temple   | Reached ** piety under Wu Jian
  3106 | D:4      | Reached skill level 4 in Dodging
  3130 | D:4      | Reached XP level 6. HP: 61/61 MP: 5/5
  3208 | D:4      | Found an iron altar of Okawaru.
  3762 | D:4      | Found a radiant altar of Vehumet.
  3841 | D:5      | Entered Level 5 of the Dungeon
  3984 | D:5      | Reached XP level 7. HP: 62/68 MP: 6/6
  4362 | D:5      | Found a runed translucent door.
  4362 | D:5      | Noticed a human
  4373 | D:5      | Found a basalt altar of Yredelemnul.
  4417 | D:5      | Killed a human
  4418 | D:5      | Reached skill level 5 in Dodging
  5297 | D:6      | Reached XP level 8. HP: 73/78 MP: 7/7
  5306 | D:6      | HP: 3/69 [gnoll/+0 club[a gnoll bouda] (2)]
  5306 | D:6      | Slain by a howler monkey

Illustrated notes

Levels and vault maps discovered:
D:1:      amcnicky_arrival_blooded_trapdoor, layout_loops_ring
D:2:      layout_basic, dreamdust_ecumenical_altar_sealed_demon
D:3:      layout_rooms, serial_shops, nicolae_diamond_shop
D:4:      nicolae_cairo_tiling_very_big, layout_rooms, lemuel_round_altar,
          okawaru_ov_weapons_minmay
D:5:      layout_loops_corners, dk_yredelemnul_ordeal
D:6:      layout_rooms, fedhas_altar_4, brannock_xom_greatest_gift,
          mainiacjoe_overflow_alcove_4, chequers_hall_statues_y,
          kennysheep_dice, uniq_crazy_yiuf_cottage, uniq_pikel
Temple:   dshaligram_water_room_temple

Skill      XL: |  1  2  3  4  5  6  7 |
---------------+----------------------+-----
Dodging        | 3 4 5 |  5.1
Fighting       | 3 4 |  4.1
Short Blades   | 1 2 3 4 |  4.6
Stealth        | |  1.7
Unarmed Combat | |  3.2

Action                   |  1- 3 |  4- 6 |  7- 9 || total
-------------------------+-------+-------+-------++-------
Melee: Dagger            |   230 |   123 |       ||   353
       Unarmed           |     1 |       |       ||     1
       Punch             |     4 |    14 |     9 ||    27
       Short sword       |       |   278 |   140 ||   418
       Quarterstaff      |       |       |    13 ||    13
Invok: Whirlwind         |       |    58 |     4 ||    62
       Lunge             |       |     7 |     5 ||    12
  Use: Potion            |       |       |     2 ||     2
 Stab: Sleeping          |     5 |     1 |     1 ||     7
Armor: Robe              |   127 |   199 |    70 ||   396
Dodge: Dodged            |   159 |   324 |    83 ||   566
